 Dungeon Crawl Stone Soup version 0.29.1-13-g9f3cf754e1 (webtiles) character file.

Game seed: 4299612505497304328

32 Descartes the Ducker (level 3, -1/17 HPs)
             Began as a Felid Monk on Jan 29, 2023.
             Slain by a worm (6 damage)
             ... on level 2 of the Dungeon.
             The game lasted 00:02:08 (1162 turns).

Descartes the Ducker (Felid Monk)                   Turns: 1162, Time: 00:02:09

Health: -1/17      AC:  1    Str:  9    XL:     3   Next: 8%
Magic:  4/4        EV: 19    Int: 11    God:
Gold:   12         SH:  0    Dex: 18    Spells: 2/2 levels left
                                        Lives:  0   Deaths: 0

rFire   . . .      SeeInvis +     - Unarmed
rCold   . . .      Faith    .   (shield unavailable)
rNeg    . . .      Spirit   .   (body armour unavailable)
rPois   .          Reflect  .   (helmet unavailable)
rElec   .          Harm     .   (cloak unavailable)
rCorr   .          Rampage  .   (gloves unavailable)
Will    .....                   (boots unavailable)
Stlth   +++.......              (no amulet)
HPRegen 0.05/turn               (no ring)
MPRegen 0.09/turn               (no ring)

@: quick
A: very small, claws 1, fangs 3, see invisible, speed 1, shaggy fur 1, stealthy
paws, no weapons or thrown items, no armour, multi-lived
a: no special abilities


You were on level 2 of the Dungeon.
You visited 1 branch of the dungeon, and saw 2 of its levels.

You collected 12 gold pieces.

Inventory:

Scrolls
 b - a scroll of amnesia {unknown}
 c - a scroll of identify {unknown}
 f - 2 scrolls of fog {unknown}
Potions
 a - a potion of ambrosia
 d - a potion of haste {unknown}
 e - a potion of lignification {unknown}
 g - a potion of heal wounds {unknown}
 h - a potion of brilliance {unknown}


   Skills:
 + Level 3.3 Fighting
 + Level 4.4 Dodging
 + Level 3.4 Stealth
 + Level 3.3 Unarmed Combat


You had 2 spell levels left.
You didn't know any spells.
Your spell library was empty.

Dungeon Overview and Level Annotations

Branches:
Dungeon (1/15)

Altars:


Innate Abilities, Weirdness & Mutations

You have sharp claws.
You have razor-sharp teeth.
You have supernaturally acute eyesight. (SInv)
You cover ground quickly. (Speed+)
You are covered in fur. (AC +1)
Your paws help you pounce on unaware monsters.
You are incapable of wielding weapons or throwing items.
You cannot wear armour.
You gain extra lives every three experience levels.


Message History

The gnoll is severely wounded.
The gnoll hits you with a +0 spear.
* * * LOW HITPOINT WARNING * * *
You barely miss the gnoll. Your bite misses the gnoll.
The gnoll is severely wounded.
Unknown command.
There is an open door here.
The gnoll shouts!
Found a sedimented emerald potion.
A goblin comes into view. It is wielding a +0 dagger.
The goblin shouts!
You scratch the goblin.
You kill the goblin!
You see here a +0 dagger.
h - a sedimented emerald potion You open the door.
There is an open door here.
A frilled lizard and a goblin come into view.
You scratch the frilled lizard.
You kill the frilled lizard!
You have reached level 3!
Your experience leads to an increase in your attributes!
Increase (S)trength, (I)ntelligence, or (D)exterity?
You feel stronger. x2
Found a chain mail.
Found 18 gold pieces.
Found a stone staircase leading down.
A worm comes into view.
The helpless worm fails to defend itself.
You mangle the worm!!
You kill the worm!
A worm comes into view.
An endoplasm comes into view.
Found a scroll labelled UQUXTA VITOBIA.
Found 5 gold pieces.
You pounce on the unaware helpless endoplasm!
You claw the endoplasm!
You kill the endoplasm!
The worm bites you.
You die...

........#
........#
........##
.........########
..######..g.....##
..# ########..####
.g# #.......# #.#
#...w...# #.#
#...@...# #.#
#.......# #†#
#.?.....# ..#
#.......# ..#
#.......# ..#
#.......# ..#
#.......# #.#
#######$# #.#


You could see a worm.

Vanquished Creatures
  A gnoll (D:1)
  A worm (D:2)
  A ball python (D:2)
  4 endoplasms
  2 goblins (D:2)
  2 jackals (D:1)
  A quokka (D:2)
  5 bats
  A frilled lizard (D:2)
  A kobold (D:1)
  A rat (D:1)
20 creatures vanquished.

Notes
Turn   | Place    | Note
-------+----------+-------------------------------------------
     0 | D:1      | Descartes the Felid Monk began the quest for the Orb.
     0 | D:1      | Reached XP level 1. HP: 10/10 MP: 2/2
    38 | D:1      | Reached XP level 2. HP: 13/14 MP: 3/3
   791 | D:1      | You fall into a shaft and drop 1 floor!
  1137 | D:2      | Reached XP level 3. HP: 4/17 MP: 4/4
  1162 | D:2      | Slain by a worm

Illustrated notes

Levels and vault maps discovered:
D:1:      dpeg_arrival_houses_and_road, layout_basic
D:2:      layout_basic, nicolae_ecumenical_oubliette, uniq_sigmund

Skill      XL: |  1 |
---------------+----+-----
Stealth        | 3 |  3.4
Fighting       | |  3.3
Dodging        | |  4.4
Unarmed Combat | |  3.3

Action                   || total
-------------------------++-------
Melee: Unarmed           ||    56
       Bite              ||     4
 Stab: Sleeping          ||     4
Armor: Skin              ||     6
Dodge: Dodged            ||    67
